 Dungeon Crawl Stone Soup version 0.28.0 (webtiles) character file.

Game seed: 4175263059743483729

70 avis the Chopper (level 4, -2/42 HPs)
             Began as a Hill Orc Monk on Feb 14, 2022.
             Killed from afar by an orc wizard (4 damage)
             ... with a magic dart
             ... on level 4 of the Dungeon.
             The game lasted 00:06:39 (1376 turns).

avis the Chopper (Hill Orc Monk)                    Turns: 1376, Time: 00:06:40

Health: -2/42      AC:  5    Str: 15    XL:     4   Next: 22%
Magic:  4/4        EV: 11    Int: 10    God:
Gold:   40         SH:  0    Dex: 13    Spells: 3/3 levels left

rFire   . . .      SeeInvis .   a - +0 hand axe
rCold   . . .      Faith    .   (no shield)
rNeg    . . .      Spirit   .   e - +0 ring mail
rPois   .          Reflect  .   (no helmet)
rElec   .          Harm     .   (no cloak)
rCorr   .          Rampage  .   (no gloves)
Will    +....                   (no boots)
Stlth   +.........              g - amulet of magic regeneration
HPRegen 0.14/turn               m - ring of willpower
MPRegen 0.49/turn               (no ring)

@: no status effects
A: no striking features
a: no special abilities


You were on level 4 of the Dungeon.
You visited 1 branch of the dungeon, and saw 3 of its levels.

You collected 40 gold pieces.

Inventory:

Hand Weapons
 a - a +0 hand axe (weapon)
Missiles
 d - 24 arrows
 f - 35 stones
 i - a boomerang (quivered)
 j - 24 sling bullets
Armour
 b - a +0 robe
 e - a +0 ring mail (worn)
 k - a +0 leather armour of fire resistance
Magical Staves
 l - a staff of conjuration
Jewellery
 g - an amulet of magic regeneration (around neck)
 m - a ring of willpower (left hand)
Scrolls
 c - a scroll of torment {unknown}
 h - a scroll of vulnerability {unknown}
 o - a scroll of summoning {unknown}
Potions
 n - a potion of attraction {unknown}


   Skills:
 - Level 5.0 Fighting
 * Level 5.4 Axes
 - Level 2.4 Dodging
 - Level 1.5 Stealth


You had 3 spell levels left.
You didn't know any spells.
Your spell library contained the following spells:

 Spells                   Type           Power      Damage    Failure   Level
 Portal Projectile        Hex/Tloc       0%         N/A       92%         3
 Blade Hands              Tmut           0%         N/A       100%        5
 Excruciating Wounds      Necr           0%         N/A       100%        5


Dungeon Overview and Level Annotations

Branches:
Dungeon (2/15)

Altars:


Message History

You hit the orc wizard.
You kill the orc wizard!
You barely miss the orc. The orc hits you but does no damage.
Training target 5.0 for Fighting reached!
Your Fighting skill increases to level 5!
You need to enable at least one skill for training.
You have reached level 4!
You hit the orc.
The orc is heavily wounded.
The orc barely misses you.
You closely miss the orc.
The orc is heavily wounded.
You hit the orc wizard but do no damage.
You barely miss the orc.
The orc wizard gestures at you while chanting.
You resist with almost no effort. The orc hits you with a +0 dagger.
You hit the orc wizard but do no damage.
You hit the orc.
You kill the orc!
You hit the orc wizard but do no damage.
You punch the orc wizard, but do no damage.
The orc wizard casts a spell.
The orc wizard flickers and vanishes!
Deactivating autopickup; reactivate with Ctrl-A.
You barely miss something. You hit the orc but do no damage.
The orc hits you with a +0 short sword.
You hear some strange, mumbled words.
A puff of flame appears from out of thin air!
The puff of flame hits you!
* * * LOW HITPOINT WARNING * * *
You hit something. You hit the orc. The orc hits you with a +0 short sword.
* * * LOW HITPOINT WARNING * * *
Something hits you.
* * * LOW HITPOINT WARNING * * *
You miss something. You hit the orc.
You kill the orc!
You hear some strange, mumbled words.
A magic dart appears from out of thin air!
The magic dart hits you.
You die...

#..........#..#
#..........#..##
#..........#....
#..........#...
#[.........#..#
#......oo..#..##
#..........#...#
#..........#@..#
#..........){..+
#.........†#..##
#..........#..#
#..........#...#
#..........#...#
#..........#...#
#..........#..##
..........#..#


There were no monsters in sight!

Vanquished Creatures
  An orc wizard (D:4)
  A gnoll (D:1)
  An adder (D:2)
  2 orcs (D:4)
  2 bats (D:1)
  7 endoplasms
  A goblin (D:1)
  4 hobgoblins
  A quokka (D:1)
  4 ball pythons
  A rat (D:1)
25 creatures vanquished.

Notes
Turn   | Place    | Note
-------+----------+-------------------------------------------
     0 | D:1      | avis the Hill Orc Monk began the quest for the Orb.
     0 | D:1      | Reached XP level 1. HP: 19/19 MP: 1/1
   383 | D:1      | Reached XP level 2. HP: 27/27 MP: 2/2
   837 | D:1      | Reached skill level 5 in Axes
   837 | D:1      | Reached XP level 3. HP: 19/33 MP: 3/3
   976 | D:1      | Found a faded altar of an unknown god.
  1338 | D:2      | You fall into a shaft and drop 2 floors!
  1369 | D:4      | Reached skill level 5 in Fighting
  1369 | D:4      | Reached XP level 4. HP: 18/42 MP: 4/4
  1375 | D:4      | HP: 2/42 [something (1)]
  1376 | D:4      | Killed from afar by an orc wizard

Illustrated notes

Levels and vault maps discovered:
D:1:      erik_arrival_blinker_ship, layout_rooms,
          shapermc_ecumenical_altar_starsandcircs,
          chequers_serial_rivers_small_3
D:2:      layout_basic
D:4:      layout_gridville, nicolae_elevator_lobby_asterisk, uniq_grinder

Skill      XL: |  1  2  3 |
---------------+----------+-----
Fighting       | 4 5 |  5.0
Axes           | 5 |  5.4
Dodging        | |  2.4
Stealth        | |  1.5

Action                   |  1- 3 |  4- 6 || total
-------------------------+-------+-------++-------
Melee: Hand axe          |    86 |     8 ||    94
       Punch             |       |     1 ||     1
Throw: Boomerang         |    10 |       ||    10
 Stab: Sleeping          |     1 |       ||     1
Armor: Ring mail         |    23 |       ||    23
       Robe              |     3 |       ||     3
Dodge: Dodged            |    45 |     1 ||    46
